 Dungeon Crawl Stone Soup version 0.27.0-1-g7a089689b8 (webtiles) character file.

Game seed: 5619590319060293758

532 Dann the Shield-Bearer (level 6, -3/52 HPs)
             Began as a Demigod Fighter on Aug 11, 2021.
             Slain by a two-headed ogre (13 damage)
             ... on level 5 of the Dungeon.
             The game lasted 00:09:33 (4094 turns).

Dann the Shield-Bearer (Demigod Fighter)            Turns: 4094, Time: 00:09:34

Health: -3/52      AC: 10    Str: 25    XL:     6   Next: 73%
Magic:  8/8        EV: 10    Int: 10    God:
Gold:   161        SH: 15    Dex: 13    Spells: 5/5 levels left

rFire    . . .     SeeInvis .   o - +0 long sword (holy)
rCold    . . .     Faith    .   c - +0 kite shield
rNeg     . . .     Spirit   .   q - +0 chain mail
rPois    .         Reflect  +   (no helmet)
rElec    .         Harm     .   (no cloak)
rCorr    .         Rampage  .   (no gloves)
Will     .....                  h - +0 pair of boots
Stlth    ..........             r - amulet of reflection
HPRegen  0.17/turn              e - +4 ring of evasion
MPRegen  0.11/turn              p - +4 ring of slaying

@: no status effects
A: high mp 1, forlorn
a: no special abilities


You were on level 5 of the Dungeon.
You visited 1 branch of the dungeon, and saw 5 of its levels.

You collected 161 gold pieces.

Inventory:

Hand Weapons
 a - a +0 long sword
 o - a +0 long sword of holy wrath (weapon)
Armour
 b - a +0 scale mail
 c - a +0 kite shield (worn)
 h - a +0 pair of boots (worn)
 q - a +0 chain mail (worn)
Jewellery
 e - a +4 ring of evasion (left hand)
 k - a ring of protection from fire
 p - a +4 ring of slaying (right hand)
 r - an amulet of reflection (around neck)
Scrolls
 f - a scroll of fog {unknown}
 g - a scroll of immolation {unknown}
 i - a scroll of noise {unknown}
 j - 2 scrolls of enchant weapon {unknown}
 l - 4 scrolls of identify {unknown}
 n - a scroll of brand weapon {unknown}
 t - a scroll of blinking {unknown}
 u - a scroll of fear {unknown}
Potions
 d - 2 potions of might
 m - a potion of attraction {unknown}
 s - a potion of heal wounds {unknown}


   Skills:
 + Level 4.0 Fighting
 + Level 3.5 Long Blades
 + Level 4.2 Armour
 + Level 1.5 Dodging
 + Level 0.2 Stealth
 + Level 4.3 Shields


You had 5 spell levels left.
You didn't know any spells.
Your spell library contained the following spells:

 Spells                   Type           Power      Damage    Failure   Level
 Animate Skeleton         Necr           0%         N/A       100%        1
 Pain                     Necr           0%         1d4       100%        1
 Shock                    Conj/Air       0%         1d3       100%        1
 Vampiric Draining        Necr           0%         2d6       100%        3


Dungeon Overview and Level Annotations

Branches:
Dungeon (5/15)
 Temple: D:4-7


Innate Abilities, Weirdness & Mutations

Your attributes grow dramatically as you level up.
You have an increased reservoir of magic. (+10% MP)
You shall have no god before yourself.


Message History

You are frozen.
You slash the endoplasm!
You kill the endoplasm!
Found a stone staircase leading down.
Found a barding.
A quokka comes into view.
The quokka bites you. You block the quokka's attack.
You hit the quokka.
You kill the quokka!
You see here a +0 barding.
Done exploring.
Done exploring.
There is a stone staircase leading down here.
You climb downwards.
A two-headed ogre comes into view.
It is wielding a +0 giant spiked club and a +0 giant club.
There is a stone staircase leading up here.
You hit the two-headed ogre.
The two-headed ogre is lightly wounded.
The two-headed ogre closely misses you. You block the two-headed ogre's attack.
You barely miss the two-headed ogre.
The two-headed ogre is lightly wounded.
You block the two-headed ogre's attack.
The two-headed ogre hits you with a +0 giant club!
You slash the two-headed ogre!
The two-headed ogre is moderately wounded.
The two-headed ogre misses you. You block the two-headed ogre's attack.
You hit the two-headed ogre.
The two-headed ogre is moderately wounded.
The two-headed ogre hits you with a +0 giant spiked club!!
The two-headed ogre hits you with a +0 giant club!!
* * * LOW HITPOINT WARNING * * *
There is a stone staircase leading up here.
You hit the two-headed ogre.
The two-headed ogre is moderately wounded.
You block the two-headed ogre's attack. x2
You hit the two-headed ogre but do no damage.
The two-headed ogre is moderately wounded.
You block the two-headed ogre's attack. x2
The two-headed ogre hits you with a +0 giant spiked club!
You die...

.....# .#...#
....##########
.............###
...#...........###
...#.............#
..#..............#
..#..<...........#
.##............O@#
.#..............##
##..............#
#..............#
##............##
##...........#
#..........##
###........#
####....##


You could see a two-headed ogre.

Vanquished Creatures
  An ogre (D:3)
  A scorpion (D:4)
  A water moccasin skeleton (D:4)
  A hound (D:3)
  An orc priest (D:3)
  An orc wizard (D:3)
  Natasha (thrice) (D:2)
  An iguana (D:4)
  A hound skeleton (D:4)
  3 adders
  4 worms
  2 dart slugs
  12 orcs
  12 endoplasms
  2 giant cockroaches
  7 goblins
  5 hobgoblins
  10 jackals
  5 quokkas
  6 ball pythons
  4 bats
  2 frilled lizards (D:1)
  5 kobolds
  10 rats
100 creatures vanquished.

Vanquished Creatures (others)
  2 fungi (D:1)
  2 plants (D:1)
4 creatures vanquished.

Grand Total: 104 creatures vanquished

Notes
Turn   | Place    | Note
-------+----------+-------------------------------------------
     0 | D:1      | Dann the Demigod Fighter began the quest for the Orb.
     0 | D:1      | Reached XP level 1. HP: 18/18 MP: 3/3
   168 | D:1      | Got Plato's Papyrus of the Equator
   194 | D:1      | Reached XP level 2. HP: 25/25 MP: 4/4
   917 | D:2      | Reached XP level 3. HP: 29/30 MP: 5/5
  1401 | D:2      | Noticed Natasha
  1421 | D:2      | Killed Natasha
  1428 | D:2      | Reached XP level 4. HP: 26/38 MP: 6/6
  1556 | D:2      | Noticed Natasha
  1564 | D:2      | Killed Natasha
  1602 | D:2      | Noticed Natasha
  1623 | D:2      | Killed Natasha
  2263 | D:3      | Reached XP level 5. HP: 45/45 MP: 7/7
  2709 | D:3      | Reached skill level 1 in Dodging
  2862 | D:4      | Noticed an ogre
  2973 | D:3      | Killed an ogre
  2974 | D:3      | Reached XP level 6. HP: 39/52 MP: 8/8
  4060 | D:5      | Entered Level 5 of the Dungeon
  4060 | D:5      | Noticed a two-headed ogre
  4094 | D:5      | Slain by a two-headed ogre

Illustrated notes

Levels and vault maps discovered:
D:1:      dpeg_arrival_boxes_within_box, layout_rooms,
          shapermc_ecumenical_altar_rom_forum, minmay_misc_feat_alley,
          st_stairs_2
D:2:      layout_rooms, kennysheep_pointless_box, uniq_natasha
D:3:      layout_rooms, mainiacjoe_overflow_paths
D:4:      layout_layer_cave
D:5:      layout_cave_pods, temple_pool_b, uniq_prince_ribbit1

Skill      XL: |  1  2  3  4  5  6 |
---------------+-------------------+-----
Shields        | 3 4 |  4.3
Armour         | 3 4 |  4.2
Long Blades    | 2 3 |  3.5
Fighting       | 3 4 |  4.0
Dodging        | 1 |  1.5
Stealth        | |  0.2

Action                   |  1- 3 |  4- 6 || total
-------------------------+-------+-------++-------
Melee: Long sword        |   135 |   164 ||   299
Armor: Scale mail        |    41 |    74 ||   115
       Chain mail        |       |     7 ||     7
Dodge: Dodged            |    57 |    83 ||   140
Block: Kite shield       |    73 |   109 ||   182
       Reflection        |       |     1 ||     1
       Rpst.: Long sword |    11 |    18 ||    29
